 Dungeon Sprint DCSS version 0.29-a0-993-g4a18f31a58 (webtiles) character file.

Game seed: 12844807011972370296

23 Hubris850 the Chopper (level 2, -12/27 HPs)
             Began as a Hill Orc Monk on Aug 2, 2022.
             Was a Follower of Yredelemnul.
             Killed by divine providence
             ... invoked by an orc priest
              (13 damage)
             ... in the Dungeon (Sprint VII: "The Pits").
             The game lasted 00:01:46 (166 turns).

Hubris850 the Chopper (Hill Orc Monk)                Turns: 166, Time: 00:01:47

Health: -12/27     AC: 11    Str: 13    XL:     2   Next: 95%
Magic:  0/2        EV:  6    Int: 10    God:    Yredelemnul [*.....]
Gold:   0          SH:  0    Dex: 13    Spells: 1/1 levels left

rFire   . . .      SeeInvis .   j - +2 hand axe (freeze)
rCold   . . .      Faith    .   (no shield)
rNeg    . . .      Spirit   .   n - +3 chain mail
rPois   .          Reflect  .   (no helmet)
rElec   .          Harm     .   (no cloak)
rCorr   .          Rampage  .   (no gloves)
Will    .....      NoTele   +   (no boots)
Stlth   ..........              (no amulet)
HPRegen 0.09/turn               (no ring)
MPRegen 0.08/turn               (no ring)

@: no status effects
A: no striking features
a: Renounce Religion, Convert to Beogh, Recall Undead Harvest


You were in the Dungeon.
You worshipped Yredelemnul.
Yredelemnul was noncommittal.
You visited 1 branch

Inventory:

Hand Weapons
 a - a +0 hand axe
 j - a +2 hand axe of freezing (weapon)
Armour
 b - a +0 robe
 n - a +3 chain mail (worn)
Scrolls
 i - a scroll of blinking
 l - 5 scrolls of amnesia
 m - a scroll of summoning
Potions
 c - a potion of ambrosia
 d - 6 potions of curing
 e - 6 potions of heal wounds
 f - a potion of haste
 g - 4 potions of magic
 h - 3 potions of berserk rage
 k - 2 potions of invisibility


   Skills:
 - Level 4.0 Fighting
 + Level 6.4 Axes
 - Level 4.0 Dodging
 - Level 1.5 Stealth


You had one spell level left.
You didn't know any spells.
Your spell library was empty.

Dungeon Overview and Level Annotations

Branches:
Dungeon (1/1)

Altars:
Ashenzari
Cheibriados
Dithmenos
Elyvilon
Fedhas
Gozag
Hepliaklqana
Kikubaaqudgha
Makhleb
Nemelex Xobeh
Okawaru
Qazlal
Ru
Sif Muna
Trog
Uskayaw
Vehumet
Wu Jian
Xom
Yredelemnul
Zin
The Shining One
Beogh
Jiyva
Lugonu


Message History

A sky beast appears from thin air!
Reactivating autopickup.
The orc barely misses your goblin zombie.
The giant cockroach bites you but does no damage.
The warg bites you.
Your goblin zombie barely misses the orc priest.
Unknown command.
Unknown command.
You miss the warg. You barely miss the giant cockroach.
Your quokka zombie is recalled.
You finish recalling your allies.
The gnoll hits you from afar with a +0 spear.
Your ball python zombie bites the giant cockroach.
Your ball python zombie misses the giant cockroach.
Your quokka zombie barely misses the orc priest.
The sky beast hits your ball python zombie.
The sky beast shocks your ball python zombie.
Your ball python zombie is destroyed!
The giant cockroach closely misses you.
The orc hits your goblin zombie with a +0 hand axe.
The orc hits your quokka zombie with a +0 hand axe.
The orc priest begins to cast a cantrip, but forgets the words!
The warg bites you but does no damage.
You hit the warg. You freeze the warg.
The warg is lightly wounded.
The orc priest shouts, "Beogh is our master!
Accept the truth or die!"
You hit the giant cockroach. You freeze the giant cockroach.
The orc priest shouts, "Surrender to Beogh and we'll let you live!"
The gnoll hits you but does no damage.
Your quokka zombie bites the orc.
Your goblin zombie closely misses the orc priest.
The giant cockroach bites you but does no damage.
The warg bites you!
* * * LOW HITPOINT WARNING * * *
The sky beast hits your quokka zombie.
The sky beast shocks your quokka zombie.
Your quokka zombie is destroyed!
The orc priest mumbles some strange prayers to Beogh against you.
Beogh smites you!
You die...
Your body rises from the dead as a mindless zombie.

#.#...).#.[##.....
#.#..Z..#ZZ#####'#
#Z###Z###Z)##.....
#.#).Z..#)Z##.....
#Z#..Z.Z#.Z##.....
#Z####Z##'###...<.
#Z#..))..Z.##.....
#Z#........##.....
#@###########.....


#hBogg..# ###### #ogg#og.# #Z.Y# .# #o##. #.. #. #.. .. #.. .. You could see a
warg (ally target), a sky beast, a gnoll bouda, 2 orc priests, 4 gnolls, 2 orcs,
a giant cockroach (ally target), a friendly bat zombie, a friendly adder zombie,
a friendly jackal zombie, a friendly giant cockroach zombie and 2 friendly
goblin zombies.

Vanquished Creatures
  An orc (D)
  A bat zombie (D)
  A giant cockroach (D)
  2 goblins (D)
  A hobgoblin (D)
6 creatures vanquished.

Vanquished Creatures (collateral kills)
  A gnoll (D)
  A giant cockroach (D)
  A goblin (D)
  A rat (D)
4 creatures vanquished.

Vanquished Creatures (others)
  2 bat zombies (D)
  A ball python zombie (D)
  2 giant cockroach zombies (D)
  A quokka zombie (D)
6 creatures vanquished.

Grand Total: 16 creatures vanquished

Notes
Turn   | Place    | Note
-------+----------+-------------------------------------------
     0 | D        | Hubris850 the Hill Orc Monk began the quest for the Orb.
     0 | D        | Reached XP level 1. HP: 19/19 MP: 1/1
    38 | D        | Found a glowing golden altar of the Shining One.
    38 | D        | Found a glowing silver altar of Zin.
    38 | D        | Found a basalt altar of Yredelemnul.
    38 | D        | Found a shimmering altar of Xom.
    38 | D        | Found an ornate altar of the Wu Jian Council.
    38 | D        | Found a bloodstained altar of Trog.
    38 | D        | Found a shimmering blue altar of Sif Muna.
    38 | D        | Found a sacrificial altar of Ru.
    38 | D        | Found a stormy altar of Qazlal.
    38 | D        | Found an iron altar of Okawaru.
    38 | D        | Found a sparkling altar of Nemelex Xobeh.
    38 | D        | Found a burning altar of Makhleb.
    38 | D        | Found a viscous altar of Jiyva.
    38 | D        | Found a hazy altar of Hepliaklqana.
    38 | D        | Found an opulent altar of Gozag.
    38 | D        | Found a blossoming altar of Fedhas.
    38 | D        | Found a white marble altar of Elyvilon.
    38 | D        | Found a shadowy altar of Dithmenos.
    38 | D        | Found a snail-covered altar of Cheibriados.
    39 | D        | Found a radiant altar of Vehumet.
    39 | D        | Found a corrupted altar of Lugonu.
    39 | D        | Found a roughly hewn altar of Beogh.
    40 | D        | Found a hide-covered altar of Uskayaw.
    40 | D        | Found an ancient bone altar of Kikubaaqudgha.
    40 | D        | Found a broken altar of Ashenzari.
    44 | D        | Became a worshipper of Yredelemnul the Dark
    44 | D        | Reached * piety under Yredelemnul
    44 | D        | Reached ** piety under Yredelemnul
    85 | D        | Reached skill level 5 in Axes
    85 | D        | Reached XP level 2. HP: 17/27 MP: 2/2
    90 | D        | Reached skill level 6 in Axes
   159 | D        | Noticed a sky beast
   160 | D        | Noticed a warg
   166 | D        | HP: 1/27 [warg (11)]
   166 | D        | Killed from afar by an orc priest

Illustrated notes

Levels and vault maps discovered:
D:        pitsprint [storerooms_1, entrance_room_1, metal_vault_5, armoury_2,
          mini_pit_1, grid_room_1, main_hall_1, silver_pit, the_coven_1,
          the_vestibule_1, steel_vault_5, golden_pit, hallway_of_sentries,
          crystal_vault_6, iron_vault_4, final_vault]

Skill      XL: |  1  2 |
---------------+-------+-----
Fighting       | 4 |  4.0
Dodging        | 3 4 |  4.0
Axes           | 5 6 |  6.4
Stealth        | |  1.5

Action                   || total
-------------------------++-------
Melee: Hand axe          ||    21
Invok: Recall Undead Har ||     1
 Stab: Sleeping          ||     1
Armor: Robe              ||     2
       Chain mail        ||     6
Dodge: Dodged            ||    23

Table legend: (Time is in decaauts)
 A = Elapsed time spent in this place.
 B = Non-inter-level travel time spent in this place.
 C = Inter-level travel time spent in this place.
 D = Time resting spent in this place.
 E = Time spent auto-exploring this place.
 F = Levels seen in this place.
 G = Mean time per level.
                   A        B        C        D        E       F      G
               +--------+--------+--------+--------+--------+-----+--------+
         Total |    166 |    166 |      0 |      0 |      0 |   1 |  166.0 |
       Dungeon |    166 |    166 |      0 |      0 |      0 |   1 |  166.0 |
               +--------+--------+--------+--------+--------+-----+--------+

Top non-repeatable levels by time:
       D: 166 daAuts
